AoeStats
← Zodiac

Black Forest

510415632Analyzed
4v4 RM · 2d ago on Sep 30, 2026· 61m 3s· 8 players
Game mode
Random Map
Map size
Large (8 player)
Population
200
Speed
Normal
Resources
Standard
Victory
Conquest
Starting age
Dark Age
Ending age
Imperial Age
RankedLock teamsTeams togetherTeam positionsShared explorationLock speedFull tech treeHidden civsTurbo modeCheats
Victory
Defeat
🇧🇷 Khmer · Brazil
1176
+12
🇦🇷 Dravidians · Argentina
1083
+15
🇦🇷 Turks · Argentina
1063
+16
🇨🇦 Hindustanis · Canada
976
+20
🇪🇸 Saxons · Spain
1099
-17
🇨🇴 Georgians · Colombia
1078
-16
🇨🇿 Britons · Czechia
1066
-16
🇺🇸 Franks · United States
1035
-14
TDMC | SpAwN_™
0:27 Loom
10:08 Feudal Age
14:22 Castle Age
12:57 Double-Bit Axe
16:59 Bow Saw
22:07 Wheelbarrow
22:57 Gold Mining
25:10 Stone Mining
26:10 Gold Shaft Mining
26:08 Hand Cart
29:11 Imperial Age
28:01 Forging
28:26 Scale Barding Armor
29:30 Iron Casting
30:10 Chain Barding Armor
29:54 Cavalier
31:45 Blast Furnace
30:56 Caravan
31:44 Husbandry
32:26 Plate Barding Armor
32:16 Conscription
32:16 Paladin
34:09 Chivalry
35:04 Treadmill Crane
35:59 Town Watch
36:19 Scale Mail Armor
38:12 Pikeman
40:52 Halberdier
41:59 Chain Mail Armor
42:52 Squires
45:12 Plate Mail Armor
Zodiac
9:20 Feudal Age
9:49 Double-Bit Axe
9:47 Horse Collar
17:23 Castle Age
19:11 Wheelbarrow
18:50 Bow Saw
22:57 Gold Mining
23:00 Stone Mining
24:45 Heavy Plow
25:41 Loom
30:40 Imperial Age
28:31 Squires
29:09 Hand Cart
28:39 Town Watch
28:54 Fletching
29:05 Padded Archer Armor
28:59 Crossbowman
30:40 Treadmill Crane
31:49 Bodkin Arrow
32:10 Leather Archer Armor
33:09 Two-Man Saw
32:19 Arbalester
34:04 Chemistry
33:26 Ballistics
34:20 Yeomen
40:53 Bracer
41:58 Conscription
45:49 Caravan
52:09 Elite Skirmisher
52:27 Pikeman
55:22 Pikeman
56:55 Ring Archer Armor
CerealKiller
0:33 Loom
12:11 Feudal Age
16:38 Castle Age
14:46 Double-Bit Axe
15:31 Fishing Lines
18:00 Bow Saw
23:11 Horse Collar
24:29 Heavy Plow
25:34 Gillnets
25:53 Demolition Ship
27:35 Wheelbarrow
31:38 Imperial Age
30:14 Husbandry
30:25 Bloodlines
30:19 Gold Mining
31:11 Fortified Wall
31:57 Svan Towers
32:51 Conscription
34:12 Chemistry
33:24 Masonry
33:35 Ballistics
33:12 Murder Holes
33:31 Town Watch
34:05 Hand Cart
34:45 Siege Engineers
34:06 Onager
34:58 Aznauri Cavalry
36:03 Crop Rotation
36:15 Architecture
36:17 Elite Monaspa
37:32 Hoardings
38:31 Forging
38:26 Scale Barding Armor
40:31 Iron Casting
41:00 Heavy Scorpion
43:01 Guard Tower
42:57 Arrowslits
45:29 Caravan
49:10 Keep
57:07 Capped Ram
KRAIKTON
0:50 Loom
11:46 Feudal Age
15:15 Castle Age
13:01 Double-Bit Axe
13:26 Horse Collar
21:30 Wheelbarrow
24:31 Bow Saw
24:23 Heavy Plow
25:38 Hand Cart
25:09 Town Watch
26:12 Gold Mining
26:14 Stone Mining
26:28 Town Patrol
30:38 Imperial Age
29:13 Gold Shaft Mining
30:12 Fletching
30:22 Scale Mail Armor
30:32 Forging
31:43 Conscription
30:54 Onager
32:37 Two-Man Saw
32:10 Crop Rotation
32:21 Chain Mail Armor
32:02 Bodkin Arrow
31:53 Elite Hearth Troop
31:55 Shield Wall
33:55 Siege Engineers
34:51 Chemistry
34:12 Ballistics
34:03 Masonry
35:00 Plate Mail Armor
35:07 Iron Casting
34:32 Bracer
37:09 Arson
37:24 Squires
38:11 Elite Varangian Guard
47:57 Hoardings
51:26 Caravan
BuddyDudeMan
7:32 Loom
11:11 Feudal Age
12:22 Double-Bit Axe
14:28 Stone Mining
15:28 Gold Mining
16:41 Horse Collar
18:21 Wheelbarrow
21:09 Castle Age
22:19 Bow Saw
22:46 Gold Shaft Mining
22:48 Stone Shaft Mining
22:15 Heavy Plow
26:30 Grand Trunk Road
28:15 Caravan
29:14 Hand Cart
30:50 Forging
30:48 Scale Barding Armor
34:05 Imperial Age
32:27 Iron Casting
32:59 Ballistics
33:07 Chain Barding Armor
33:38 Bloodlines
33:29 Husbandry
35:05 Heavy Camel Rider
36:24 Plate Barding Armor
38:10 Blast Furnace
37:30 Imperial Camel Rider
39:25 Siege Engineers
41:53 Chemistry
41:26 Ballistics
41:35 Padded Archer Armor
41:27 Fletching
41:37 Scale Mail Armor
43:31 Conscription
45:40 Shatagni
47:41 Masonry
47:29 Murder Holes
49:04 Two-Man Saw
49:45 Leather Archer Armor
50:11 Hoardings
52:51 Ring Archer Armor
54:13 Chain Mail Armor
53:54 Bodkin Arrow
54:10 Elite Ghulam
55:33 Squires
55:18 Arson
54:55 Pikeman
lautygonzalez89
12:05 Feudal Age
16:36 Castle Age
16:11 Double-Bit Axe
16:08 Horse Collar
17:09 Wheelbarrow
18:12 Heavy Plow
20:38 Bow Saw
21:43 Hand Cart
23:45 Stone Mining
26:04 Caravan
26:05 Loom
26:09 Treadmill Crane
26:50 Forging
26:34 Gold Mining
30:32 Imperial Age
29:18 Gold Shaft Mining
29:32 Masonry
32:17 Bloodlines
32:08 Husbandry
33:40 Artillery
35:23 Iron Casting
37:10 Blast Furnace
36:11 Padded Archer Armor
37:24 Conscription
38:16 Hoardings
39:56 Scale Barding Armor
42:18 Chain Barding Armor
43:17 Ballistics
43:28 Architecture
52:32 Plate Barding Armor
53:04 Leather Archer Armor
62:32 Two-Man Saw
joaopessoense
0:32 Loom
13:13 Feudal Age
17:07 Castle Age
16:15 Double-Bit Axe
18:21 Bow Saw
24:40 Wheelbarrow
25:22 Gold Mining
28:17 Hand Cart
29:21 Horse Collar
32:35 Imperial Age
30:36 Husbandry
30:46 Bloodlines
30:58 Fortified Wall
31:15 Caravan
31:42 Bloodlines
33:11 Scale Barding Armor
33:16 Forging
32:57 Fletching
34:25 Double Crossbow
34:24 Elite Ballista Elephant
35:31 Chain Barding Armor
35:46 Iron Casting
35:37 Conscription
36:05 Tusk Swords
37:30 Plate Barding Armor
36:50 Bodkin Arrow
37:41 Gold Shaft Mining
37:09 Heavy Plow
36:35 Elite Battle Elephant
39:06 Blast Furnace
38:04 Pikeman
41:57 Bracer
41:58 Padded Archer Armor
43:47 Leather Archer Armor
51:28 Ring Archer Armor
50:32 Light Cavalry
51:12 Hussar
57:12 Halberdier
57:49 Arson
57:26 Elite Skirmisher
Alvaroski
0:26 Loom
12:07 Feudal Age
12:37 Double-Bit Axe
18:14 Castle Age
17:59 Fishing Lines
19:18 Bow Saw
19:49 Gillnets
24:58 Horse Collar
25:06 Town Watch
28:28 Wheelbarrow
28:06 Stone Mining
28:30 Fletching
31:21 Imperial Age
29:54 Bodkin Arrow
30:00 Padded Archer Armor
30:08 Thumb Ring
30:36 Husbandry
31:05 Scale Barding Armor
31:01 Gold Mining
31:39 Heavy Plow
31:18 Elite Skirmisher
32:29 Ballistics
32:11 Bracer
34:05 Chemistry
34:44 Conscription
35:28 Forging
35:34 Leather Archer Armor
34:49 Siege Elephant
36:32 Medical Corps
37:51 Two-Man Saw
36:47 Elite Elephant Archer
38:31 Wootz Steel
39:30 Crossbowman
41:49 Hand Cart
42:21 Caravan
46:36 Ring Archer Armor
47:06 Man-at-Arms
47:47 Squires
47:32 Gambesons
47:36 Arson
49:00 Fortified Wall
52:22 Chain Barding Armor
52:05 Scale Mail Armor
52:41 Iron Casting
59:38 Town Patrol
Connection lost

Rejoining the realm…

Still unreachable

The connection could not be restored.

Session expired

The server has moved on; the page needs a fresh start.